 Dungeon Crawl Stone Soup version 0.28-a0-2-g643f2454ad (webtiles) character file.

Game seed: 10483228130612015769

3341 Sin92 the Protected (level 9, 0/79 HPs)
             Began as a Minotaur Fighter on July 22, 2021.
             Was a Priest of Okawaru.
             Slain by a water moccasin (2 damage)
             ... while petrified by a basilisk
             ... on level 8 of the Dungeon.
             The game lasted 00:09:38 (8358 turns).

Sin92 the Protected (Minotaur Fighter)              Turns: 8358, Time: 00:09:39

Health: 0/79       AC: 12    Str: 30    XL:     9   Next: 72%
Magic:  8/8        EV:  2    Int:  5    God:    Okawaru [***...]
Gold:   290        SH:  0    Dex: 10    Spells: 8/8 levels left

rFire   . . .      SeeInvis .   a - +2 war axe
rCold   . . .      Faith    +   c - +2 kite shield
rNeg    + + +      Spirit   .   v - +0 chain mail
rPois   ∞          Reflect  .   (helmet restricted)
rElec   .          Harm     .   (no cloak)
rCorr   .          Rampage  .   (no gloves)
Will    .....                   (no boots)
Stlth   ..........              m - amulet of faith
HPRegen 0.23/turn               f - +6 ring of strength
MPRegen 0.11/turn               j - +4 ring of slaying

@: lethally poisoned (0 -> 0), petrified, studying Armour
A: horns 2, retaliatory headbutt
a: Renounce Religion, Heroism


You were on level 8 of the Dungeon.
You worshipped Okawaru.
Okawaru was most pleased with you.
You visited 2 branches of the dungeon, and saw 9 of its levels.
You also visited: Ossuary.

You collected 290 gold pieces.

Inventory:

Hand Weapons
 a - a +2 war axe (weapon)
Missiles
 g - a curare-tipped dart (quivered)
Armour
 b - a +0 scale mail
 c - a +2 kite shield (worn)
 v - a +0 chain mail (worn)
Jewellery
 e - a ring of see invisible
 f - a +6 ring of strength (left hand)
 j - a +4 ring of slaying (right hand)
 k - a ring of magical power
 m - an amulet of faith (around neck)
 r - a ring of protection from fire
 A - a ring of willpower
Wands
 o - a wand of flame (22)
 q - a wand of paralysis (11)
 y - a wand of acid (14)
Scrolls
 i - 2 scrolls of teleportation
Potions
 d - 2 potions of might
 h - 2 potions of heal wounds {unknown}
 l - 3 potions of brilliance {unknown}
 n - 2 potions of ambrosia
 p - 3 potions of degeneration {unknown}
 s - 3 potions of flight {unknown}
 t - a potion of mutation {unknown}
 u - 2 potions of haste {unknown}
 w - 3 potions of curing
 B - a potion of attraction {unknown}


   Skills:
 + Level 7.3 Fighting
 * Level 9.3 Axes
 * Level 11.5 Armour
 + Level 5.7 Dodging
 + Level 7.4 Shields


You had 8 spell levels left.
You didn't know any spells.
Your spell library contained the following spells:

 Spells                   Type           Power      Damage    Failure   Level
 Magic Dart               Conj           0%         1d3       99%         1
 Searing Ray              Conj           0%         3d3       100%        2
 Ignite Poison            Fire/Tmut/Pois 0%         N/A       100%        3
 Mephitic Cloud           Conj/Pois/Air  0%         N/A       100%        3
 Fulminant Prism          Conj/Hex       0%         3d6       100%        4
 Bolt of Magma            Conj/Fire/Erth 0%         4d4       100%        5


Dungeon Overview and Level Annotations

Branches:
Dungeon (8/15)             Temple (1/1) D:4            Lair (0/6) D:8
Ossuary (visited)

Altars:
Cheibriados
Elyvilon
Hepliaklqana
Makhleb
Nemelex Xobeh
Okawaru
Trog
Vehumet
Wu Jian
The Shining One

Shops:
D:1 !   D:2 !


Innate Abilities, Weirdness & Mutations

You have a pair of horns on your head.
You reflexively headbutt those who attack you in melee.


Message History

The wolf bites you.
The water moccasin bites you but does no damage. x2
The wolf bites you but does no damage. The water moccasin bites you.
* * * LOW HITPOINT WARNING * * *
You are poisoned.
The water moccasin poisons you!
Your limbs are stiffening.
You feel very sick. The water moccasin bites you.
* * * LOW HITPOINT WARNING * * *
You are more poisoned.
The water moccasin poisons you! The wolf barely misses you.
The water moccasin bites you.
You are lethally poisoned!
The water moccasin poisons you!
You have turned to stone.
The wolf bites you but does no damage. The water moccasin bites you.
* * * LOW HITPOINT WARNING * * *
The water moccasin bites you.
The water moccasin bites you but does no damage.
The wolf bites you.
* * * LOW HITPOINT WARNING * * *
The water moccasin bites you but does no damage.
The water moccasin bites you!
* * * LOW HITPOINT WARNING * * *
The wolf bites you but does no damage.
The water moccasin bites you but does no damage.
The water moccasin bites you!
* * * LOW HITPOINT WARNING * * *
The basilisk bites you but does no damage.
The water moccasin bites you. The wolf bites you but does no damage.
The black bear bites you.
* * * LOW HITPOINT WARNING * * *
The black bear claws you but does no damage.
The black bear claws you.
* * * LOW HITPOINT WARNING * * *
The water moccasin bites you!
* * * LOW HITPOINT WARNING * * *
The water moccasin bites you but does no damage.
The wolf bites you but does no damage. The water moccasin barely misses you.
The water moccasin bites you.
You die...

#........♣....
#............P
#.?..P.....PP.
#.#.........♣..
#.##........P...
#.........P.....
###...l.........
##..ShS........
#..hl@SD.......
#.....h........
#..............
#....<......>..
#..............
###............
##.........#.
##......##..
###...## #


You could see 2 basilisks, a steam dragon, 3 water moccasins, 2 black bears and
a wolf.

Vanquished Creatures
  A troll (D:6)
  Sigmund (D:3)
  A wyvern (D:7)
  A basilisk (D:8)
  A water moccasin (D:7)
  Edmund (D:4)
  Duvessa (D:4)
  2 orc warriors
  A sky beast (D:7)
  2 necrophages
  An ogre (D:7)
  A wolf (D:8)
  2 centaurs
  A phantom (D:5)
  A kobold brigand (D:5)
  Blork the orc (D:4)
  An elf zombie (Ossuary)
  A bullfrog (D:7)
  A scorpion (D:7)
  A water moccasin zombie (D:6)
  Dowan (D:4)
  4 killer bees
  5 centaur zombies (Ossuary)
  2 jellies
  2 centaur skeletons
  2 hounds
  An orc priest (D:6)
  4 iguanas
  Natasha (thrice) (D:4)
  An orc wizard (D:7)
  A hound skeleton (D:4)
  2 hound zombies (D:5)
  2 mummies (Ossuary)
  4 gnolls (D:5)
  9 adders
  A white imp (D:7)
  3 adder zombies
  2 worms
  18 orcs
  6 bats
  4 endoplasms
  3 giant cockroaches
  6 goblins
  5 hobgoblins
  9 jackals
  10 kobolds
  2 quokkas
  4 ball pythons
  3 frilled lizards
  9 hobgoblin zombies (Ossuary)
  A jackal zombie (Ossuary)
  10 kobold zombies (Ossuary)
  9 orc zombies (Ossuary)
  7 rats
178 creatures vanquished.

Vanquished Creatures (collateral kills)
  A killer bee (D:5)
1 creature vanquished.

Vanquished Creatures (others)
  4 plants (D:8)
4 creatures vanquished.

Grand Total: 183 creatures vanquished

Notes
Turn   | Place    | Note
-------+----------+-------------------------------------------
     0 | D:1      | Sin92 the Minotaur Fighter began the quest for the Orb.
     0 | D:1      | Reached XP level 1. HP: 19/19 MP: 0/0
   160 | D:1      | Reached XP level 2. HP: 27/27 MP: 1/1
   463 | D:1      | Found Ysuesk's Distillery.
   760 | D:2      | Found a faded altar of an unknown god.
   784 | D:2      | Reached skill level 1 in Dodging
   944 | D:2      | Reached skill level 4 in Armour
   944 | D:2      | Reached XP level 3. HP: 18/33 MP: 2/2
  1575 | D:2      | Found Dafich's Distillery.
  1879 | D:3      | Reached XP level 4. HP: 40/40 MP: 3/3
  2013 | D:3      | Noticed a centaur
  2017 | D:3      | Killed a centaur
  2018 | D:3      | Reached XP level 5. HP: 25/47 MP: 4/4
  2230 | D:3      | Noticed Sigmund
  2236 | D:3      | Killed Sigmund
  2237 | D:3      | Reached XP level 6. HP: 27/55 MP: 5/5
  2449 | D:3      | Identified a scroll of acquirement
  2449 | D:3      | Acquired an amulet of faith
  2573 | D:3      | Reached skill level 5 in Axes
  2928 | D:4      | Reached skill level 5 in Fighting
  2928 | D:4      | Reached skill level 5 in Armour
  2928 | D:4      | Reached skill level 5 in Shields
  3127 | D:4      | Noticed Natasha
  3130 | D:4      | Killed Natasha
  3131 | D:4      | Reached XP level 7. HP: 54/61 MP: 6/6
  3187 | D:4      | Noticed Natasha
  3203 | D:4      | Killed Natasha
  3405 | D:4      | Noticed Edmund
  3413 | D:4      | Killed Edmund
  3556 | D:4      | Found a burning altar of Makhleb.
  3609 | D:4      | Noticed Natasha
  3614 | D:4      | Killed Natasha
  3615 | D:4      | Reached skill level 6 in Armour
  3658 | D:4      | Noticed Dowan
  3659 | D:4      | Noticed Duvessa
  3666 | D:4      | Killed Dowan
  3673 | D:4      | Killed Duvessa
  3907 | D:4      | Noticed Blork the orc
  3914 | D:4      | Killed Blork the orc
  3953 | D:4      | Found a staircase to the Ecumenical Temple.
  3977 | D:4      | Identified the +9 rapier of the People {drain, rN+ SInv}
  4050 | Temple   | Entered the Ecumenical Temple
  4105 | Temple   | Became a worshipper of Warmaster Okawaru
  4191 | D:5      | Entered Level 5 of the Dungeon
  4208 | D:5      | Reached skill level 7 in Armour
  4208 | D:5      | Reached XP level 8. HP: 48/70 MP: 7/7
  4610 | D:5      | Reached * piety under Okawaru
  4687 | D:5      | Found a radiant altar of Vehumet.
  4739 | D:5      | Found a sand-covered staircase.
  4746 | Ossuary  | Entered an ossuary
  4782 | Ossuary  | Reached skill level 8 in Armour
  5321 | D:5      | Reached skill level 9 in Armour
  6136 | D:6      | Noticed a troll
  6139 | D:6      | Killed a troll
  6139 | D:6      | Reached ** piety under Okawaru
  6140 | D:6      | Reached XP level 9. HP: 67/78 MP: 8/8
  6693 | D:6      | Reached skill level 10 in Armour
  6693 | D:6      | Reached skill level 5 in Dodging
  7805 | D:7      | Reached skill level 11 in Armour
  7809 | D:7      | Reached *** piety under Okawaru
  8338 | D:8      | Found a staircase to the Lair.
  8358 | D:8      | HP: 2/79 [water moccasin (4)]
  8358 | D:8      | Slain by a water moccasin

Illustrated notes

Levels and vault maps discovered:
D:1:      dpeg_arrival_boxorama, layout_loops_ring, serial_shops, shop
D:2:      layout_basic, serial_shops, shop, ebering_ecumenical_altar_box,
          kennysheep_generic_room_3
D:3:      layout_loops_corners, uniq_sigmund
D:4:      layout_cave_pools, makhleb_heckhound_becter, temple_hall,
          serial_glass, glass_columns_c, glass_columns_b,
          minmay_manual_monstrance, uniq_natasha, uniq_duvessa,
          uniq_blork_the_orc, uniq_edmund
D:5:      layout_loops_corners, vehumet_crystals, enter_ossuary_5
D:6:      layout_loops_corners
D:7:      minmay_angry_zag, layout_loops_ring
D:8:      layout_cave_pods, minmay_lair_entry_grove, uniq_harold
Temple:   minmay_crystal_spiral_temple

Skill      XL: |  1  2  3  4  5  6  7  8  9 |
---------------+----------------------------+-----
Axes           | 3 4 5 6 8 9 |  9.3
Dodging        | 1 2 3 4 5 |  5.7
Fighting       | 4 5 6 7 |  7.3
Armour         | 4 5 7 9 11 | 11.5
Shields        | 4 5 6 7 |  7.4

Action                   |  1- 3 |  4- 6 |  7- 9 || total
-------------------------+-------+-------+-------++-------
Melee: War axe           |    79 |    48 |   239 ||   366
       Headbutt          |     6 |    11 |    55 ||    72
  Use: Scroll            |     5 |     2 |     6 ||    13
       Potion            |       |       |     1 ||     1
Armor: Scale mail        |    43 |    10 |     9 ||    62
       Chain mail        |       |       |   127 ||   127
Dodge: Dodged            |    21 |    17 |    57 ||    95
Block: Kite shield       |    43 |    29 |   166 ||   238

Table legend: (Time is in decaauts)
 A = Elapsed time spent in this place.
 B = Non-inter-level travel time spent in this place.
 C = Inter-level travel time spent in this place.
 D = Time resting spent in this place.
 E = Time spent auto-exploring this place.
 F = Levels seen in this place.
 G = Mean time per level.
                   A        B        C        D        E       F      G
               +--------+--------+--------+--------+--------+-----+--------+
         Total |   8494 |   8224 |    270 |    912 |   6123 |  10 |  849.4 |
       Dungeon |   8168 |   7934 |    234 |    912 |   5965 |   8 | 1021.0 |
        Temple |     92 |     56 |     36 |      0 |     52 |   1 |   92.0 |
       Ossuary |    232 |    232 |      0 |      0 |    106 |   1 |  232.0 |
               +--------+--------+--------+--------+--------+-----+--------+

Top non-repeatable levels by time:
     D:4: 1589 daAuts
     D:7: 1372 daAuts
     D:3: 1149 daAuts
     D:6: 1145 daAuts
     D:2: 1074 daAuts
     D:5: 1055 daAuts
     D:1: 739 daAuts
 Ossuary: 232 daAuts
  Temple: 92 daAuts
     D:8: 41 daAuts
